 Dungeon Crawl Stone Soup version 0.18-a0-1799-g6250cb2 (webtiles) character file.

2 4thArraOfDagon the Conjurer (level 1, -2/13 HPs)
             Began as a Formicid Conjurer on Apr 23, 2016.
             Killed by nerve-wracking pain
             ... invoked by a shadow imp
              (11 damage)
             ... on level 6 of the Dungeon.
             The game lasted 00:01:50 (331 turns).

4thArraOfDagon the Conjurer (Formicid Conjurer)      Turns: 331, Time: 00:01:50

Health: -2/13      AC:  2    Str: 12    XL:     1   Next: 44%
Magic:  0/3        EV: 12    Int: 14    God:
Gold:   53         SH:  0    Dex: 11    Spells: 1 memorised, 3 levels left

rFire  . . .     SeeInvis +     d - +0 spear
rCold  . . .     Gourm    .     a - +0 robe
rNeg   . . .     Faith    .     (no shield)
rPois  .         Spirit   .     (helmet unavailable)
rElec  .         Dismiss  .     (no cloak)
rCorr  .         Reflect  .     (no gloves)
SustAt .         Harm     .     (no boots)
MR     .....                    (no amulet)
Stlth  ++........               (no ring)
                                (no ring)

@: very slightly contaminated, not resistant to hostile enchantments, unstealthy
A: permanent stasis, dig shafts and tunnels, four strong arms, antennae 3
a: Dig, Shaft Self


You were on level 6 of the Dungeon.
You were not hungry.

You visited 1 branch of the dungeon, and saw 5 of its levels.

You collected 53 gold pieces.

Inventory:

Hand Weapons
 d - a +0 spear (weapon)
Armour
 a - a +0 robe (worn)
Scrolls
 e - a scroll of enchant armour {unknown}
 f - 2 scrolls of teleportation {unknown}
Potions
 g - a potion of brilliance {unknown}
Books
 b - a book of Conjurations

   Spells                             Type                      Level
   a - Magic Dart                     Conjuration                  1
   b - Searing Ray                    Conjuration                  2
   c - Dazzling Spray                 Conjuration/Hexes            3
   d - Fulminant Prism                Conjuration/Hexes            4
   e - Iskenderun's Mystic Blast      Conjuration                  4
   f - Iskenderun's Battlesphere      Conjuration/Charms           5
Comestibles
 c - a bread ration


   Skills:
 - Level 1.7 Dodging
 - Level 2.4 Stealth
 - Level 2.1 Spellcasting
 * Level 3.7 Conjurations


You had 3 spell levels left.
You knew the following spells:

 Your Spells              Type           Power        Failure   Level  Hunger
a - Magic Dart            Conj           ##..         6%          1    #......


Dungeon Overview and Level Annotations

Branches:
Dungeon (5/15)
 Temple: D:4-7

Altars:
Pakellas


Innate Abilities, Weirdness & Mutations

You are under a permanent stasis effect.
You can dig through walls and to a lower floor.
Your four strong arms can wield two-handed weapons with a shield.
You have a pair of large antennae on your head (SInv).


Message History

Casting: Magic Dart
Confirm with . or Enter, or press ? or * to list all spells.
Aiming: Magic Dart
Press: ? - help, Shift-Dir - straight line, f/p - shadow imp
Aim: a shadow imp (severely wounded)
You miscast Magic Dart.
You are very lightly contaminated with residual magic.
Your skin glows momentarily.
The shadow imp gestures at you. Pain shoots through your body!
Casting: Magic Dart
Confirm with . or Enter, or press ? or * to list all spells.
Aiming: Magic Dart
Press: ? - help, Shift-Dir - straight line, f/p - shadow imp
Aim: a shadow imp (severely wounded)
You miscast Magic Dart.
Nothing appears to happen.
The shadow imp gestures at you. Pain shoots through your body!
Ouch! That really hurt!
You die...

### #.# #.. ....
#.# #.. ...# #.#
#.. ...# #.#
#..##...###
#.####.........
#........#$.>#.#
#@####...#...#.##
#.#..............
#.######.#...#.###
#.# ####.#........
#.###...........##
#.5...5...........
########..........
###........
#.#....#.


You could see a shadow imp.

Vanquished Creatures
  A giant cockroach (D:2)
  A bat (D:1)
  A giant gecko zombie (D:5)
3 creatures vanquished.

Notes
Turn   | Place    | Note
--------------------------------------------------------------
     0 | D:1      | 4thArraOfDagon the Formicid Conjurer began the quest for the Orb.
     0 | D:1      | Reached XP level 1. HP: 13/13 MP: 3/3
    52 | D:1      | You fall through a shaft!
    53 | D:2      | Found an oddly glowing altar of Pakellas.
   107 | D:2      | You fall through a shaft for 2 floors!
   126 | D:5      | Entered Level 5 of the Dungeon
   255 | D:5      | Noticed an iguana
   274 | D:5      | You fall through a shaft!
   281 | D:6      | Noticed a scorpion
   331 | D:6      | Killed from afar by a shadow imp

Vault maps used:
D:1:      lightli_arrival_lavapool
D:2:      serial_curves, eino_curves_01, eino_curves_04, grunt_ministairs_13,
          grunt_pakellas_basics
D:4:      serial_shops, nicolae_shop_crystal, shop, shop_fountains, shop,
          shop_fountains
D:5:      minitemple, first_bread, roderic_serpentine_path,
          kennysheep_generic_room_9
D:6:      grunt_temple_overflow_growth_and_decay, minmay_temple_entry_junction2,
          serial_shops, kennysheep_mini_moat, basic_altar,
          grunt_decor_arrowhead, uniq_edmund, uniq_crazy_yiuf_cottage

Action                   || total
-------------------------++-------
Melee: Spear             ||     8
 Cast: Magic Dart        ||     5
 Abil: Shaft Self        ||     3
Armor: Robe              ||     6
Dodge: Dodged            ||     5
